 Dungeon Crawl Stone Soup version 0.18.1-8-gdd0e5ea (webtiles) character file.

49 Jerry the Magician (level 3, -6/21 HPs)
             Began as an Octopode Wizard on May 22, 2016.
             Shot with an arrow by a centaur (9 damage)
             ... on level 3 of the Dungeon.
             The game lasted 00:07:30 (2185 turns).

Jerry the Magician (Octopode Wizard)                Turns: 2185, Time: 00:07:30

Health: -6/21      AC:  7    Str:  6    XL:     3   Next: 75%
Magic:  3/7        EV: 12    Int: 21    God:
Gold:   151        SH:  0    Dex: 10    Spells: 3 memorised, 2 levels left

rFire  . . .     SeeInvis .     e - +0 whip
rCold  . . .     Gourm    .     (no shield)
rNeg   . . .     Faith    .     a - +0 hat
rPois  .         Spirit   .     (no amulet)
rElec  .         Dismiss  .     l - +6 ring of protection
rCorr  .         Reflect  .     (no ring)
SustAt .         Harm     .     (no ring)
MR     .....                    (no ring)
Stlth  +++.......               (no ring)
                                (no ring)
                                (no ring)
                                (no ring)

@: not resistant to hostile enchantments, fairly stealthy
A: almost no armour, amphibious, 8 rings, constrict 8, camouflage 1, gelatinous
body 1
a: no special abilities


You were on level 3 of the Dungeon.
You were very hungry.

You visited 1 branch of the dungeon, and saw 3 of its levels.

You collected 151 gold pieces.

Inventory:

Hand Weapons
 e - a +0 whip (weapon)
Armour
 a - a +0 hat (worn)
Jewellery
 l - a +6 ring of protection (left tentacle)
Scrolls
 h - a scroll of enchant weapon {unknown}
 i - 2 scrolls of identify {unknown}
 n - a scroll of noise {unknown}
 p - a scroll of remove curse {unknown}
Potions
 d - a potion of curing {unknown}
 f - a potion of degeneration {unknown}
 g - 2 potions of brilliance {unknown}
 j - a potion of heal wounds {unknown}
 k - a potion of agility {unknown}
 m - a potion of invisibility {unknown}
 o - a potion of mutation {unknown}
Books
 b - a book of Minor Magic

   Spells                             Type                      Level
   a - Magic Dart                     Conjuration                  1
   b - Blink                          Translocation                2
   c - Call Imp                       Summoning                    2
   d - Repel Missiles                 Charms/Air                   2
   e - Slow                           Hexes                        2
   f - Conjure Flame                  Conjuration/Fire             3
   g - Mephitic Cloud                 Conjuration/Poison/Air       3
Comestibles
 c - 2 bread rations


   Skills:
 - Level 2.0 Dodging
 - Level 2.6 Stealth
 - Level 3.0 Spellcasting
 - Level 2.8 Conjurations
 + Level 2.1 Summonings
   Level 1.0 Translocations


You had 2 spell levels left.
You knew the following spells:

 Your Spells              Type           Power        Failure   Level  Hunger
a - Magic Dart            Conj           ###.         4%          1    None
b - Call Imp              Summ           ##......     12%         2    ##.....
c - Conjure Flame         Conj/Fire      #.......     24%         3    ###....


Dungeon Overview and Level Annotations

Branches:
Dungeon (3/15)

Altars:
Dithmenos
Yredelemnul


Innate Abilities, Weirdness & Mutations

You cannot wear most types of armour.
You are amphibious.
You can wear up to eight rings at the same time.
You can use your tentacles to constrict eight enemies at once.
Your skin changes colour to match your surroundings (Stealth).
Your rubbery body absorbs attacks (AC +1).


Message History

Your crimson imp blinks!
The centaur shoots an arrow.
The arrow completely misses your white imp.
The arrow hits you.
Your white imp gestures at the centaur.
The puff of frost hits the centaur.
Your white imp disappears in a puff of smoke!
The centaur shoots an arrow.
The arrow hits you.
Your crimson imp blinks!
The centaur shoots an arrow.
The arrow hits you.
* * * LOW HITPOINT WARNING * * *
You see here an arrow.
Your crimson imp disappears in a puff of smoke!
The centaur shoots an arrow.
The arrow hits you.
* * * LOW HITPOINT WARNING * * *
You see here an arrow.
The centaur shoots an arrow.
The arrow barely misses you.
You see here an arrow.
The centaur shoots an arrow.
The arrow hits you!
You die...

#.#.#............
#.#.#............
#>...............
#.#.#...........)
#.#.#............
#.#.################
#........((c(.(§....
###....(...((...§...
##@...............
###########.....#
...§.. ...... .....
##... .


You could see a centaur.

Vanquished Creatures
  3 dart slugs
  6 bats
  2 giant cockroaches
  2 goblins
  10 hobgoblins
  4 giant newts
  7 kobolds
  7 rats
41 creatures vanquished.

Notes
Turn   | Place    | Note
--------------------------------------------------------------
     0 | D:1      | Jerry the Octopode Wizard began the quest for the Orb.
     0 | D:1      | Reached XP level 1. HP: 11/11 MP: 4/4
   294 | D:1      | Reached XP level 2. HP: 15/17 MP: 0/6
   867 | D:1      | Reached XP level 3. HP: 19/21 MP: 2/7
  1016 | D:2      | Learned a level 2 spell: Call Imp
  1577 | D:2      | Found a basalt altar of Yredelemnul.
  1977 | D:3      | Learned a level 3 spell: Conjure Flame
  2003 | D:3      | Found a shadowy altar of Dithmenos.
  2073 | D:3      | Noticed a centaur
  2185 | D:3      | Shot with an arrow by a centaur

Skill      XL: |  1  2  3 |
---------------+----------+-----
Conjurations   | 2 |  2.8
Summonings     | 2 |  2.1
Dodging        | |  2.0
Stealth        | |  2.6
Spellcasting   | |  3.0
Translocations | |  1.0

Action                   || total
-------------------------++-------
Melee: Unarmed           ||    13
       Whip              ||    52
       Constrict         ||    19
       Tentacles         ||     8
 Cast: Magic Dart        ||    50
       Call Imp          ||     4
 Stab: Sleeping          ||     5
  Eat: Chunk             ||     3
Armor: Skin              ||    17
Dodge: Dodged            ||    44
